 Dungeon Crawl Stone Soup version 0.30-a0-322-g102857c98e (console) character file.

Game seed: 1504449946904851689

1185 petzl the Sneak (level 8, 0/64 HPs)
             Began as a Formicid Delver on Oct 27, 2022.
             Was a Follower of Vehumet.
             Slain by a human
             ... wielding a +2 vorpal hand axe
              (4 damage)
             ... on level 9 of the Dungeon.
             The game lasted 00:35:55 (6210 turns).

petzl the Sneak (Formicid Delver)                   Turns: 6210, Time: 00:35:55

Health: 0/64       AC:  6    Str: 14 (16) XL:     8   Next: 70%
Magic:  24/25      EV: 11    Int: 12 (13) God:    Vehumet [*.....]
Gold:   312        SH:  0    Dex: 13 (15) Spells: 15/18 levels left

rFire   + . .      SeeInvis +    a - +2 dagger (venom) {!f =f}
rCold   . . .      Faith    .    (no shield)
rNeg    . . .      Spirit   .    m - +1 ring mail {rF+}
rPois   .          Reflect  .    (helmet unavailable)
rElec   .          Harm     .    E - scarf {repulsion}
rCorr   .          Rampage  .    (no gloves)
Will    .....                    (no boots)
Stlth   +++.......               (no amulet)
HPRegen 0.30/turn                H - ring of magical power
MPRegen 0.19/turn                (no ring)

@: repel missiles
A: permanent stasis, dig shafts and tunnels, antennae 3, four strong arms
a: Dig, Shaft Self, Renounce Religion


You were on level 9 of the Dungeon.
You worshipped Vehumet.
Vehumet was aware of your devotion.
You visited 2 branches of the dungeon, and saw 11 of its levels.
You also visited: Bailey.

You collected 312 gold pieces.

Inventory:

Hand Weapons
 a - a +2 dagger of venom (weapon) {!f =f}
 b - a +0 shortbow
 I - a +2 flail of holy wrath
Missiles
 y - 2 throwing nets
 F - 9 poisoned darts
Armour
 g - an orb of energy
 m - a +1 ring mail of fire resistance (worn)
 n - a +0 leather armour
 B - a +0 cloak
 E - a scarf of repulsion (worn)
 L - a scarf of invisibility
Magical Staves
 j - a staff of poison
 o - a staff of cold
Jewellery
 H - a ring of magical power (left hand)
Wands
 f - a wand of digging (3)
Scrolls
 c - 3 scrolls of fog
 d - 3 scrolls of magic mapping
 k - a scroll of enchant armour
 l - a scroll of vulnerability
 s - a scroll of noise {unknown}
 u - a scroll of identify {unknown}
 w - a scroll of amnesia
 x - a scroll of poison {unknown}
 G - a scroll of immolation {unknown}
 J - a scroll of brand weapon {unknown}
 M - a scroll of silence {unknown}
Potions
 i - 2 potions of heal wounds
 p - a potion of cancellation
 q - a potion of brilliance {unknown}
 r - a potion of resistance {unknown}
 t - a potion of mutation {unknown}
 z - a potion of curing
 A - a potion of flight {unknown}
 C - a potion of attraction {unknown}
 D - a potion of lignification {unknown}
 K - 2 potions of haste {unknown}


   Skills:
 + Level 6.1 Fighting
 - Level 1.2(2.0) Short Blades
 - Level 2.3(2.5) Long Blades
 - Level 2.0 Ranged Weapons
 - Level 2.1 Dodging
 + Level 7.1 Stealth
 + Level 5.7 Spellcasting
 * Level 3.6 Ice Magic
 - Level 2.0 Poison Magic


You had 15 spell levels left.
You knew the following spells:

 Your Spells              Type           Power      Damage    Failure   Level
A - Ozocubu's Armour      Ice            12%        N/A       26%         3

Your spell library contained the following spells:

 Spells                   Type           Power      Damage    Failure   Level
 Sandblast                Erth           6%         2d5       36%         1
 Kindle Blastsparks       Fire/Tloc/Air  6%         2d10      75%         3
 Airstrike                Air            1%         2d(1-17)  98%         4
 Manifold Assault         Tloc           3%         N/A       98%         4
 Dispersal                Tloc           1%         N/A       100%        6
 Ozocubu's Refrigeration  Ice            6%         4d8       100%        7
 Disjunction              Tloc           1%         N/A       100%        8
 Necromutation            Tmut/Necr      1%         N/A       100%        8


Dungeon Overview and Level Annotations

Branches:
Dungeon (11/15)            Temple (1/1) D:4          Bailey (visited)
   Lair: D:8-11         Orc: D:9-12

Altars:
Ashenzari
Cheibriados
Elyvilon
Gozag
Hepliaklqana
Kikubaaqudgha
Makhleb
Nemelex Xobeh
Okawaru
Ru
Sif Muna
Trog
Uskayaw
Vehumet
Wu Jian
Yredelemnul

Shops:
D:1 :   D:3 :

Annotations:
D:4 2 transporters, exclusions: downstairs and hound
D:5 exclusion: downstairs
D:6 Blork the orc
D:7 Pikel
D:9 exclusions: hornet, 2 killer bees, steam dragon and water moccasin
D:10 exclusions: downstairs and komodo dragon, Snorg


Innate Abilities, Weirdness & Mutations

You cannot be hasted, slowed, berserked, paralysed or teleported.
You can dig through walls and to a lower floor.
You have a pair of large antennae on your head. (SInv)
Your four strong arms can wield two-handed weapons with a shield.


Message History

A film of ice covers your body! The goblin hits you with a +0 hand axe.
The human hits you but does no damage.
You closely miss the human.
The human is heavily wounded.
The goblin hits you but does no damage.
The human hits you with a +1 vorpal hand axe!
The human hits you with a +2 vorpal hand axe.
As you read the scroll of fear, it crumbles to dust.
You assume a fearsome visage.
The human looks frightened! x2; The goblin looks frightened!
The gnoll looks frightened!
The human looks frightened!
The goblin cowers, then darts away.
A gnoll opens the door.
A bullfrog comes into view.
The goblin pleads, "Why can't we all just get along?"
Cornered, the human turns to fight!
Your icy armour will break if you move.
Continue?
The bullfrog croaks.
The goblin nearly stumbles in trying to escape.
The human hits you with a +2 vorpal hand axe.
Welcome back to the Dungeon!
Your icy armour cracks and falls away as you move.
Level annotation: exclusions: hornet, 2 killer bees, steam dragon and water moccasin
There is an empty arch of ancient stone here.
The human closely misses you.
There is an open gate, spattered with blood here.
Things that are here:
4 boomerangs; an orc corpse; a water moccasin corpse The human attacks as you move away!
The human hits you with a +2 vorpal hand axe!
There is an open gate, spattered with blood here.
Things that are here:
4 boomerangs; an orc corpse; an orc corpse The human attacks as you move away!
The human hits you with a +2 vorpal hand axe!
* * * LOW HITPOINT WARNING * * *
x2 Are you sure you want to shaft yourself?
The human hits you with a +2 vorpal hand axe.
* * * LOW HITPOINT WARNING * * *
x2 You begin to dig a shaft.
You continue digging a shaft.
The human hits you with a +2 vorpal hand axe.
You die...

#####...... ... ........#.##
####..... #...>..... .........
####.....#..##+####........
#........#........+........
#........#........#........ #
###........#.................
#.#........†...................
#.[..~~~~~†~~~..#..#...†...##
#.##.~≈~≈~≈≈≈~.....#....<....+..
#.~##(((##~............####.. #
#.~#@p...#~............+ ....
##.##.~#>...∩#~.##....)....###...
#.....~#######≈..+.........+.....
#####.~~~~~~~~~.##...#.....##....
#................#......#....
##....##..............#......
#....##.............###.....
##+####.............# ##....
#......###.(..# #...# ........#
#....# #.... ................#
#..). .....##.........####....
..... #................# ......
#.....#########... .[....
.........###... ......
............... ###......
.............. #........ D..
####..........
#.....#..(....#......[......


You could see a human.

Vanquished Creatures
  A centaur (D:9)
  A lemure (D:7)
  A kobold brigand (D:9)
  A necrophage (D:4)
  A howler monkey (D:9)
  2 orc priests
  A hound (D:4)
  3 orc wizards
  Robin (D:2)
  5 adders
  5 dart slugs
  A worm (D:3)
  10 orcs
  5 endoplasms
  A giant cockroach (D:3)
  17 goblins
  11 hobgoblins
  14 jackals
  5 quokkas
  11 ball pythons
  4 bats
  2 frilled lizards (D:1)
  10 kobolds
  3 rats
116 creatures vanquished.

Vanquished Creatures (collateral kills)
  A troll (D:9)
  A water moccasin (D:9)
  6 killer bees (D:9)
  3 orcs (D:9)
  A goblin (D:9)
12 creatures vanquished.

Vanquished Creatures (others)
  5 fungi (D:3)
  7 plants (D:3)
12 creatures vanquished.

Grand Total: 140 creatures vanquished

Notes
Turn   | Place    | Note
-------+----------+-------------------------------------------
     0 | D:5      | petzl the Formicid Delver began the quest for the Orb.
     0 | D:5      | Reached XP level 1. HP: 18/18 MP: 1/1
    74 | D:6      | Noticed an iguana
    96 | D:4      | Found a transporter.
   216 | D:4      | Noticed a hound
   301 | D:3      | Reached XP level 2. HP: 24/24 MP: 2/2
   315 | D:3      | Found Koegeuru's Book Shop.
   321 | D:3      | Found a white marble altar of Elyvilon.
   322 | D:3      | Got the Anthology of Transmogrification and the Squall
   425 | D:3      | Found an opulent altar of Gozag.
   474 | D:3      | Reached XP level 3. HP: 23/29 MP: 3/3
   988 | D:2      | Reached skill level 1 in Spellcasting
  1113 | D:1      | Reached skill level 1 in Poison Magic
  1187 | D:1      | Reached XP level 4. HP: 37/37 MP: 5/5
  1309 | D:1      | Found Innosony's Vocational Training.
  1978 | D:2      | Noticed Robin
  1984 | D:2      | Killed Robin
  1985 | D:2      | Reached XP level 5. HP: 38/42 MP: 6/8
  2423 | D:3      | Found a faded altar of an unknown god.
  2880 | D:4      | Noticed an orc warrior
  2945 | D:4      | Reached XP level 6. HP: 18/49 MP: 9/11
  3110 | D:6      | Noticed Blork the orc
  3145 | D:6      | Noticed an orc warrior
  3238 | D:5      | Noticed an ogre
  3246 | D:4      | Found a transporter.
  3265 | D:4      | Noticed a kobold demonologist
  3273 | D:4      | Learned a level 3 spell: Ozocubu's Armour
  3494 | D:4      | You fall into a shaft and drop 2 floors!
  3834 | D:5      | Found a hazy altar of Hepliaklqana.
  3838 | D:5      | Noticed an ogre
  4143 | D:4      | Found a staircase to the Ecumenical Temple.
  4151 | Temple   | Entered the Ecumenical Temple
  4369 | Temple   | Became a worshipper of Vehumet
  4495 | D:4      | Reached skill level 5 in Fighting
  4650 | D:4      | You fall into a shaft and drop 3 floors!
  4796 | D:7      | Reached XP level 7. HP: 46/56 MP: 13/13
  4980 | D:7      | Noticed a steam dragon
  5141 | D:7      | Noticed Pikel
  5156 | D:7      | You fall into a shaft and drop 3 floors!
  5156 | D:10     | Entered Level 10 of the Dungeon
  5389 | D:11     | Noticed a wyvern
  5417 | D:10     | Noticed Snorg
  5523 | D:10     | Noticed a komodo dragon
  5616 | D:9      | Reached skill level 5 in Spellcasting
  5625 | D:9      | Reached skill level 1 in Ice Magic
  5658 | D:9      | Noticed a hornet
  5667 | D:9      | Noticed a water moccasin
  5738 | D:9      | Reached skill level 1 in Short Blades
  5886 | D:9      | Noticed a steam dragon
  6012 | D:9      | Found a flagged portal.
  6015 | D:9      | Reached skill level 1 in Ranged Weapons
  6029 | D:9      | Noticed a troll
  6031 | D:9      | Reached * piety under Vehumet
  6031 | D:9      | Offered knowledge of Sandblast by Vehumet.
  6034 | D:9      | Reached XP level 8. HP: 61/63 MP: 15/15
  6053 | D:9      | Killed a troll
  6054 | D:9      | Reached skill level 7 in Stealth
  6091 | Bailey   | Entered a bailey
  6188 | Bailey   | Noticed a human
  6188 | Bailey   | Noticed a human
  6196 | Bailey   | Noticed a human
  6210 | D:9      | Slain by a human

Illustrated notes

Levels and vault maps discovered:
D:1:      lightli_iron_boxes, layout_loops_ring, nicolae_shop_vocational
D:2:      layout_loops_ring, uniq_robin
D:3:      layout_loops_ring, mainiacjoe_overflow_alcove_4, elyvilon_altar_4,
          serial_shops, shop, dreamdust_ecumenical_altar_grove
D:4:      gammafunk_wand_slinger, layout_basic,
          minmay_temple_entry_enclosed_plants, guppyfry_early_orc_mine
D:5:      layout_basic, mainiacjoe_overflow_boulevard
D:6:      layout_loops_cross, lemuel_doored_altar, zin_treasury,
          ebering_ghost_gozag, uniq_blork_the_orc
D:7:      layout_basic, kennysheep_generic_room_6, uniq_pikel
D:9:      layout_basic, enter_bailey_4, chequers_serial_rivers_micro_c
D:10:     layout_stronghold, grunt_dithmenos_shadows,
          grunt_lair_entry_orc_guard_hut, david_orc_1_choice, serial_shops,
          shop, hangedman_decor_push, uniq_snorg, uniq_gastronok
D:11:     layout_loops_corners, uniq_josephine, uniq_harold
Temple:   regret_index_temple_generic_petals

Skill      XL: |  1  2  3  4  5  6  7  8 |
---------------+-------------------------+-----
Dodging        | 2 |  2.1
Spellcasting   | 1 2 3 4 5 |  5.7
Poison Magic   | 1 2 |  2.0
Fighting       | 4 5 6 |  6.1
Ice Magic      | 1 3 |  3.6
Short Blades   | 1 |  1.2
Ranged Weapons | 1 2 |  2.0
Stealth        | 7 |  7.1
Long Blades    | |  2.3

Action                   |  1- 3 |  4- 6 |  7- 9 || total
-------------------------+-------+-------+-------++-------
Melee: Falchion          |   109 |    34 |       ||   143
       Punch             |     1 |     2 |     2 ||     5
       Dagger            |       |   152 |    50 ||   202
 Fire: Shortbow          |       |       |    13 ||    13
 Cast: Ozocubu's Armour  |       |       |     1 ||     1
 Abil: Dig               |     1 |     1 |     3 ||     5
       Shaft Self        |       |     2 |     2 ||     4
  Use: Scroll            |       |       |     8 ||     8
       Potion            |       |       |     4 ||     4
 Stab: Sleeping          |     9 |    10 |       ||    19
       Distracted        |     1 |       |       ||     1
Armor: Leather armour    |    16 |    45 |     3 ||    64
       Ring mail         |       |       |    18 ||    18
Dodge: Dodged            |    66 |    80 |    47 ||   193

Table legend: (Time is in decaauts)
 A = Elapsed time spent in this place.
 B = Non-inter-level travel time spent in this place.
 C = Inter-level travel time spent in this place.
 D = Time resting spent in this place.
 E = Time spent auto-exploring this place.
 F = Levels seen in this place.
 G = Mean time per level.
                   A        B        C        D        E       F      G
               +--------+--------+--------+--------+--------+-----+--------+
         Total |   6237 |   6130 |    107 |    985 |   2357 |  12 |  519.8 |
       Dungeon |   5889 |   5799 |     90 |    897 |   2150 |  10 |  588.9 |
        Temple |    235 |    218 |     17 |      0 |    207 |   1 |  235.0 |
        Bailey |    112 |    112 |      0 |     88 |      0 |   1 |  112.0 |
               +--------+--------+--------+--------+--------+-----+--------+

Top non-repeatable levels by time:
     D:4: 1214 daAuts
     D:3: 955 daAuts
     D:2: 918 daAuts
     D:1: 688 daAuts
     D:9: 648 daAuts
     D:7: 504 daAuts
     D:5: 412 daAuts
    D:10: 302 daAuts
     D:6: 244 daAuts
  Temple: 235 daAuts
  Bailey: 112 daAuts
    D:11: 1 daAuts
